 Dungeon Crawl Stone Soup version 0.28-a0-828-g0121872642 (webtiles) character file.

Game seed: 6092672005827987401

484 cheechan the Bolt Thrower (level 7, -1/62 HPs)
             Began as a Naga Hunter on Nov 10, 2021.
             Slain by a killer bee (6 damage)
             ... on level 5 of the Dungeon.
             The game lasted 00:12:52 (3298 turns).

cheechan the Bolt Thrower (Naga Hunter)             Turns: 3298, Time: 00:12:53

Health: -1/62      AC: 10    Str: 15    XL:     7   Next: 12%
Magic:  7/7        EV: 10    Int: 11    God:
Gold:   148        SH:  0    Dex: 13    Spells: 6/6 levels left

rFire   . . .      SeeInvis +   a - +1 hand crossbow
rCold   . . .      Faith    .   (no shield)
rNeg    . . .      Spirit   .   c - +0 leather armour
rPois   +          Reflect  .   h - +1 helmet
rElec   .          Harm     .   (no cloak)
rCorr   .          Rampage  .   (no gloves)
Will    .....                   (no barding)
Stlth   ++........              (no amulet)
HPRegen 0.20/turn               j - +4 ring of protection
MPRegen 0.10/turn               (no ring)

@: very slow
A: AC +2, large, see invisible, deformed body, poison resistance, slowness 2,
spit poison 1, naga tail 1
a: Spit Poison


You were on level 5 of the Dungeon.
You visited 1 branch of the dungeon, and saw 5 of its levels.

You collected 148 gold pieces.

Inventory:

Hand Weapons
 a - a +1 hand crossbow (weapon)
 n - a +0 scythe
Missiles
 d - 20 bolts (quivered ammo)
 g - 18 arrows
 i - 19 sling bullets
 k - 2 throwing nets
Armour
 c - a +0 leather armour (worn)
 h - a +1 helmet (worn)
Jewellery
 j - a +4 ring of protection (left hand)
Wands
 l - a wand of digging (4)
Scrolls
 e - 2 scrolls of identify
Potions
 b - a potion of might
 m - a potion of attraction


   Skills:
 + Level 3.3 Fighting
 + Level 5.7 Crossbows
 + Level 2.8 Armour
 + Level 2.2 Dodging
 + Level 2.8 Stealth


You had 6 spell levels left.
You didn't know any spells.
Your spell library contained the following spells:

 Spells                   Type           Power      Damage    Failure   Level
 Call Canine Familiar     Summ           0%         N/A       78%         3
 Portal Projectile        Hex/Tloc       0%         N/A       78%         3
 Leda's Liquefaction      Hex/Erth       0%         N/A       99%         4
 Olgreb's Toxic Radiance  Pois           0%         N/A       99%         4
 Ozocubu's Refrigeration  Ice            0%         4d5       100%        7
 Ignition                 Fire           0%         3d3       100%        8


Dungeon Overview and Level Annotations

Branches:
Dungeon (5/15)
 Temple: D:4-7

Altars:
Nemelex Xobeh
Xom


Innate Abilities, Weirdness & Mutations

Your serpentine skin is tough. (AC +2)
You have supernaturally acute eyesight. (SInv)
Armour fits poorly on your strangely shaped body.
Your system is resistant to poisons. (rPois)
You cover ground very slowly.
You can spit poison.
You have a snake-like lower body.


Message History

The killer bee stings you but does no damage.
The killer bee barely misses you. The killer bee closely misses you.
The killer bee stings you but does no damage.
Found 22 stones.
The killer bee stings you but does no damage. x3
The killer bee barely misses you. The jelly hits you but does no damage.
The killer bee stings you!
* * * LOW HITPOINT WARNING * * *
The killer bee misses you. The jelly hits you but does no damage.
The killer bee stings you.
* * * LOW HITPOINT WARNING * * *
The killer bee stings you.
* * * LOW HITPOINT WARNING * * *
The killer bee stings you.
* * * LOW HITPOINT WARNING * * *
The killer bee barely misses you.
The killer bee stings you but does no damage.
The jelly barely misses you.
You feel better.
The killer bee stings the bush but does no damage.
The killer bee stings you.
* * * LOW HITPOINT WARNING * * *
The killer bee stings the bush!
The jelly hits you but does no damage.
The killer bee completely misses the bush.
The killer bee stings you but does no damage.
The killer bee barely misses you.
The killer bee stings you but does no damage.
The killer bee stings you.
* * * LOW HITPOINT WARNING * * *
The killer bee stings the bush!
The killer bee stings you but does no damage.
The killer bee misses you. The killer bee stings you.
* * * LOW HITPOINT WARNING * * *
The killer bee stings you.
* * * LOW HITPOINT WARNING * * *
The jelly hits you but does no damage.
The killer bee stings you but does no damage.
The killer bee stings you but does no damage. x2
The killer bee stings you.
You die...

#...#...#D..#
#...#........
#.....♣♣(.#
#.....P...#
##.#...?..##..
####.........
##y.......
#yyJ......
#@........
#.............
##...#........
#...##....♣...
#....
#........
##...
.....♣... ###
....... ....♣.


You could see a jelly and 3 killer bees.

Vanquished Creatures
  Sigmund (D:3)
  A phantom (D:4)
  A scorpion (D:4)
  3 jellies
  A hound skeleton (D:4)
  An adder (D:2)
  2 dart slugs (D:1)
  An orc (D:3)
  5 bats
  2 endoplasms (D:2)
  A giant cockroach (D:1)
  3 goblins
  11 hobgoblins
  2 iguanas
  2 quokkas
  7 ball pythons
  5 frilled lizards
  2 kobolds (D:2)
  2 rats
53 creatures vanquished.

Notes
Turn   | Place    | Note
-------+----------+-------------------------------------------
     0 | D:1      | cheechan the Naga Hunter began the quest for the Orb.
     0 | D:1      | Reached XP level 1. HP: 19/19 MP: 1/1
   382 | D:1      | Reached XP level 2. HP: 21/26 MP: 2/2
   385 | D:1      | Reached skill level 4 in Crossbows
  1227 | D:2      | Reached XP level 3. HP: 31/32 MP: 3/3
  1286 | D:2      | Reached skill level 1 in Armour
  1788 | D:2      | Found a sparkling altar of Nemelex Xobeh.
  2169 | D:3      | Noticed Sigmund
  2188 | D:3      | Killed Sigmund
  2189 | D:3      | Reached skill level 5 in Crossbows
  2189 | D:3      | Reached XP level 4. HP: 22/40 MP: 4/4
  2189 | D:3      | Reached XP level 5. HP: 26/48 MP: 5/5
  2234 | D:3      | Found a shimmering altar of Xom.
  2321 | D:3      | Reached XP level 6. HP: 55/55 MP: 6/6
  3241 | D:4      | Reached XP level 7. HP: 50/62 MP: 7/7
  3287 | D:5      | Entered Level 5 of the Dungeon
  3293 | D:5      | HP: 3/62 [killer bee (6)]
  3298 | D:5      | Slain by a killer bee

Illustrated notes

Levels and vault maps discovered:
D:1:      dpeg_arrival_round_a, layout_loops_corners, st_stairs_2
D:2:      layout_basic, basic_altar, serial_park_tiny_1, minmay_pentomino_w2
D:3:      layout_basic, dk_xom_monty_hall, serial_glass, glass_columns_a,
          glass_columns_a, minmay_cupped, uniq_sigmund
D:4:      layout_loops_ring, serial_shops, shop, kennysheep_small_circle
D:5:      layout_cave_pools, serial_park, serial_park_square1
          [serial_park_minivault_5x5_6], serial_park_avenue1,
          serial_park_square3 [serial_park_minivault_5x5_7],
          serial_park_tiny_pond, serial_park_tiny_1

Skill      XL: |  1  2  3  4  5  6 |
---------------+-------------------+-----
Crossbows      | 4 5 |  5.7
Armour         | 2 |  2.8
Dodging        | 2 |  2.2
Stealth        | 2 |  2.8
Fighting       | 3 |  3.3

Action                   |  1- 3 |  4- 6 |  7- 9 || total
-------------------------+-------+-------+-------++-------
Melee: Hand crossbow     |    44 |       |     2 ||    46
 Fire: Hand crossbow     |    68 |    41 |    11 ||   120
 Abil: Spit Poison       |    13 |     7 |     1 ||    21
  Use: Scroll            |     3 |     4 |       ||     7
       Potion            |       |       |     1 ||     1
 Stab: Sleeping          |     1 |       |       ||     1
Armor: Leather armour    |    53 |    18 |    40 ||   111
Dodge: Dodged            |    53 |    22 |    38 ||   113

Table legend: (Time is in decaauts)
 A = Elapsed time spent in this place.
 B = Non-inter-level travel time spent in this place.
 C = Inter-level travel time spent in this place.
 D = Time resting spent in this place.
 E = Time spent auto-exploring this place.
 F = Levels seen in this place.
 G = Mean time per level.
                   A        B        C        D        E       F      G
               +--------+--------+--------+--------+--------+-----+--------+
         Total |   4527 |   4527 |      0 |     11 |      0 |   5 |  905.4 |
       Dungeon |   4527 |   4527 |      0 |     11 |      0 |   5 |  905.4 |
               +--------+--------+--------+--------+--------+-----+--------+

Top non-repeatable levels by time:
     D:1: 1681 daAuts
     D:3: 1494 daAuts
     D:2: 1028 daAuts
     D:4: 308 daAuts
     D:5: 14 daAuts
